MLB
DETROIT TIGERS @ KANSAS CITY ROYALS
05/25/2044
 
TOP OF THE 1ST
Detroit Tigers batting - Pitching for Kansas City Royals : RHP Brandon Ferrari
Pitching: RHP Brandon Ferrari
Batting: LHB Morgan Black 0-0: Ball
1-0: Foul Ball, location: 2F
1-1: Ball
2-1: Ball
3-1: Base on Balls
Batting: LHB Jordan Villa 0-0: Ball
1-0: Ball
2-0: Called Strike
2-1: Swinging Strike
Pickoff Throw by Catcher to First - Error! E2
Morgan Black to second
2-2: Ball
3-2: Foul Ball, location: 2F
3-2: Base on Balls
Batting: RHB Ryan Neal 0-0: Ball
1-0: Ball
2-0: Swinging Strike
2-1: Grounds into double play, 6-4-3 (Groundball, 6, EV 103.1 MPH)
Morgan Black to third
Batting: LHB Tyler Davis 0-0: Called Strike
0-1: Swinging Strike
0-2: DOUBLE (Line Drive, 78XD, EV 105.0 MPH)
Morgan Black scores
Batting: RHB Randy Shrewsbury 0-0: Ball
1-0: SINGLE (Groundball, 6D, EV 107.5 MPH)
Tyler Davis to third
Runner from 3rd tries for Home, throw by CF and OUT! 8-2
Top of the 1st over - 1 run, 2 hits, 1 error, 1 left on base; Detroit 1 - Kansas City 0
BOTTOM OF THE 1ST
Kansas City Royals batting - Pitching for Detroit Tigers : LHP Momosuke Sato
Pitching: LHP Momosuke Sato
Batting: RHB Mike Jaquez 0-0: Called Strike
0-1: Ball
1-1: Ball
2-1: Ball
3-1: SOLO HOME RUN (Flyball, 7D, EV 103.1 MPH), Distance : 406 ft
Batting: RHB Imbart Faber 0-0: Ball
1-0: SINGLE (Line Drive, 8LS, EV 89.4 MPH)
Batting: LHB Mike Meyerhoff 0-0: Foul Ball, location: 2F
0-1: Called Strike
0-2: Foul Ball, location: 2F
0-2: Foul Ball, location: 2F
0-2: Ball
1-2: Foul Ball, location: 2F
1-2: Ball
2-2: Ball
Imbart Faber steals 2nd base (no throw)
3-2: Ground out 4-3 (Groundball, 4, EV 76.9 MPH)
Imbart Faber to third
Batting: SHB Tony Prado 0-0: Called Strike
0-1: Foul Ball, location: 2F
0-2: Ball
1-2: Ball
2-2: Ball
3-2: Fly out, F8 (Flyball, 8RD, EV 76.3 MPH)
Runner from 3rd tags up, OUT at HOME! 8-2
Bottom of the 1st over - 1 run, 2 hits, 0 errors, 0 left on base; Detroit 1 - Kansas City 1
TOP OF THE 2ND
Detroit Tigers batting - Pitching for Kansas City Royals : RHP Brandon Ferrari
Batting: LHB Brad Turner 0-0: Ball
1-0: Called Strike
1-1: Ball
2-1: Foul Ball, location: 2F
2-2: Strikes out swinging
Batting: RHB Victor Quinones 0-0: Fly out, F7 (Flyball, 7LS, EV 87.5 MPH)
Batting: RHB Adrian Novakovic 0-0: Swinging Strike
0-1: Foul Ball, location: 2F
0-2: Hit by Pitch
Batting: RHB Danny Eberhart 0-0: Foul Ball, location: 2F
0-1: Ball
1-1: Foul Ball, location: 2F
1-2: Strikes out swinging
Top of the 2nd over - 0 runs, 0 hits, 0 errors, 1 left on base; Detroit 1 - Kansas City 1
BOTTOM OF THE 2ND
Kansas City Royals batting - Pitching for Detroit Tigers : LHP Momosuke Sato
Batting: RHB Adriaan Pieters 0-0: Called Strike
0-1: Ball
1-1: Ball
2-1: Fly out, F9 (Flyball, 9S, EV 80.0 MPH)
Batting: SHB Gareth Busby 0-0: Swinging Strike
0-1: Fly out, F8 (Flyball, 8LS, EV 80.0 MPH)
Batting: RHB Aaron Matthews 0-0: Called Strike
0-1: Swinging Strike
0-2: Foul Ball, location: 2F
0-2: SINGLE (Groundball, 56D, EV 96.9 MPH)
Batting: LHB Manny Estrada 0-0: Called Strike
0-1: Ball
1-1: Ball
2-1: Called Strike
2-2: Ball
3-2: Foul Ball, location: 2F
3-2: Foul Ball, location: 2F
3-2: Strikes out swinging
Bottom of the 2nd over - 0 runs, 1 hit, 0 errors, 1 left on base; Detroit 1 - Kansas City 1
TOP OF THE 3RD
Detroit Tigers batting - Pitching for Kansas City Royals : RHP Brandon Ferrari
Batting: LHB Morgan Black 0-0: Ball
1-0: Ball
2-0: Called Strike
2-1: Ball
3-1: Foul Ball, location: 2F
3-2: Foul Ball, location: 2F
3-2: DOUBLE (Line Drive, 8RXD, EV 105.6 MPH)
Batting: LHB Jordan Villa 0-0: Ball
1-0: Fly out, F3 (Line Drive, 3, EV 73.8 MPH)
Batting: RHB Ryan Neal 0-0: Ball
1-0: Called Strike
1-1: SINGLE (Line Drive, 78M, EV 101.3 MPH)
Morgan Black to third
Batting: LHB Tyler Davis 0-0: Ball
1-0: Foul Ball, location: 2F
1-1: SINGLE (Line Drive, 8RS, EV 98.8 MPH)
Morgan Black scores
Ryan Neal to second
Batting: RHB Randy Shrewsbury 0-0: Ball
1-0: Called Strike
1-1: Ball
2-1: Ball
3-1: Base on Balls
Ryan Neal to third
Tyler Davis to second
Batting: LHB Brad Turner 0-0: Called Strike
0-1: Swinging Strike
0-2: Ball
1-2: Grounds into double play, 5-4-3 (Groundball, 56, EV 96.9 MPH)
Top of the 3rd over - 1 run, 3 hits, 0 errors, 2 left on base; Detroit 2 - Kansas City 1
BOTTOM OF THE 3RD
Kansas City Royals batting - Pitching for Detroit Tigers : LHP Momosuke Sato
Batting: LHB Zion Davidson 0-0: Ball
1-0: Ground out 6-3 (Groundball, 6M, EV 103.8 MPH)
Batting: RHB Mike Jaquez 0-0: Ball
1-0: Foul Ball, location: 2F
1-1: Ball
2-1: Foul Ball, location: 2F
2-2: Strikes out swinging
Batting: RHB Imbart Faber 0-0: Foul Ball, location: 2F
0-1: Called Strike
0-2: Ball
1-2: Ball
2-2: Ball
3-2: Strikes out swinging
Bottom of the 3rd over - 0 runs, 0 hits, 0 errors, 0 left on base; Detroit 2 - Kansas City 1
TOP OF THE 4TH
Detroit Tigers batting - Pitching for Kansas City Royals : RHP Brandon Ferrari
Batting: RHB Victor Quinones 0-0: Foul Ball, location: 2F
0-1: Reached on error, E3 (Groundball, 34, EV 102.5 MPH)
Batting: RHB Adrian Novakovic 0-0: Ground out 5-3 (Groundball, 56, EV 103.1 MPH)
Batting: RHB Danny Eberhart 0-0: Called Strike
0-1: Ball
1-1: Swinging Strike
1-2: Strikes out swinging
Batting: LHB Morgan Black 0-0: Called Strike
0-1: Ball
1-1: SINGLE (Groundball, 34D, EV 95.6 MPH)
Victor Quinones to third
Runner from 3rd tries for Home, SAFE, throw by RF to home
Morgan Black to second
Batting: LHB Jordan Villa 0-0: Ball
1-0: Ball
2-0: Ball
3-0: Called Strike
3-1: Called Strike
3-2: Foul Ball, location: 2F
3-2: Fly out, F6 (Popup, 6, EV 66.3 MPH)
Top of the 4th over - 1 run, 1 hit, 1 error, 1 left on base; Detroit 3 - Kansas City 1
BOTTOM OF THE 4TH
Kansas City Royals batting - Pitching for Detroit Tigers : LHP Momosuke Sato
Batting: LHB Mike Meyerhoff 0-0: Foul Ball, location: 2F
0-1: Foul Ball, location: 2F
0-2: Ball
1-2: Strikes out swinging
Batting: SHB Tony Prado 0-0: Ground out 5-3 (Groundball, 56S, EV 86.3 MPH)
Batting: RHB Adriaan Pieters 0-0: Ball
1-0: Called Strike
1-1: Ball
2-1: Ball
3-1: Swinging Strike
3-2: Base on Balls
Batting: SHB Gareth Busby 0-0: Ball
1-0: Ball
2-0: Called Strike
2-1: Foul Ball, location: 2F
2-2: Ball
3-2: Foul Ball, location: 2F
3-2: Base on Balls
Adriaan Pieters to second
Batting: RHB Aaron Matthews 0-0: Ball
1-0: Ball
2-0: Ground out 5-3 (Groundball, 56S, EV 87.5 MPH)
Bottom of the 4th over - 0 runs, 0 hits, 0 errors, 2 left on base; Detroit 3 - Kansas City 1
TOP OF THE 5TH
Detroit Tigers batting - Pitching for Kansas City Royals : RHP Brandon Ferrari
Batting: RHB Ryan Neal 0-0: Ball
1-0: Foul Ball, location: 2F
1-1: Swinging Strike
1-2: Strikes out swinging
Batting: LHB Tyler Davis 0-0: Fly out, F7 (Flyball, 7, EV 91.9 MPH)
Batting: RHB Randy Shrewsbury 0-0: Called Strike
0-1: Ball
1-1: Ball
2-1: Foul Ball, location: 2F
2-2: Ball
3-2: Strikes out swinging
Top of the 5th over - 0 runs, 0 hits, 0 errors, 0 left on base; Detroit 3 - Kansas City 1
BOTTOM OF THE 5TH
Kansas City Royals batting - Pitching for Detroit Tigers : LHP Momosuke Sato
Batting: LHB Manny Estrada 0-0: Called Strike
0-1: Called Strike
0-2: Ball
1-2: Ball
2-2: Ball
3-2: Base on Balls
Batting: LHB Zion Davidson 0-0: Called Strike
0-1: Swinging Strike
0-2: Ball
1-2: Strikes out swinging
Batting: RHB Mike Jaquez 0-0: Ball
1-0: Ball
2-0: Foul Ball, location: 2F
2-1: Swinging Strike
2-2: Strikes out swinging
Batting: RHB Imbart Faber 0-0: Ball
1-0: Ball
2-0: Fielders Choice at 2nd, 6-4 (Groundball, 6, EV 79.4 MPH)
Bottom of the 5th over - 0 runs, 0 hits, 0 errors, 1 left on base; Detroit 3 - Kansas City 1
TOP OF THE 6TH
Detroit Tigers batting - Pitching for Kansas City Royals : RHP Brandon Ferrari
Batting: LHB Brad Turner 0-0: Called Strike
0-1: Called Strike
0-2: Foul Ball, location: 2F
0-2: Foul Ball, location: 2F
0-2: Foul Ball, location: 2F
0-2: SINGLE (Line Drive, 8RS, EV 98.8 MPH)
Batting: RHB Victor Quinones 0-0: Called Strike
0-1: Grounds into double play, U6-3 (Groundball, 4M, EV 81.9 MPH)
Batting: RHB Adrian Novakovic 0-0: Called Strike
0-1: Ball
1-1: Ball
2-1: Ball
3-1: Foul Ball, location: 2F
3-2: DOUBLE (Flyball, 8RXD, EV 96.3 MPH)
Batting: RHB Danny Eberhart 0-0: Called Strike
0-1: Hit by Pitch
Pitching: RHP Luis Mejia
Batting: LHB Morgan Black 0-0: Ball
1-0: 3-RUN HOME RUN (Flyball, 9D, EV 94.4 MPH), Distance : 371 ft
Batting: LHB Jordan Villa 0-0: Foul Ball, location: 2F
0-1: Ball
1-1: Foul Ball, location: 2F
1-2: Ground out 6-3 (Groundball, 4, EV 82.5 MPH)
Top of the 6th over - 3 runs, 3 hits, 0 errors, 0 left on base; Detroit 6 - Kansas City 1
BOTTOM OF THE 6TH
Kansas City Royals batting - Pitching for Detroit Tigers : LHP Momosuke Sato
Batting: LHB Mike Meyerhoff 0-0: Ball
1-0: Fly out, F9 (Flyball, 9LD, EV 91.3 MPH)
Batting: SHB Tony Prado 0-0: Called Strike
0-1: Foul Ball, location: 2F
0-2: Ball
1-2: Ball
2-2: Foul Ball, location: 2F
2-2: Ball
3-2: Foul Ball, location: 2F
3-2: TRIPLE (Flyball, 89XD, EV 105.0 MPH)
Batting: RHB Adriaan Pieters 0-0: Ball
1-0: SINGLE (Line Drive, 6D, EV 109.4 MPH)
Tony Prado scores
Pitching: RHP Chris Haselhorst
Batting: SHB Gareth Busby 0-0: Called Strike
0-1: Ball
1-1: Ball
2-1: Fly out, F8 (Line Drive, 8LD, EV 83.8 MPH)
Batting: RHB Aaron Matthews 0-0: Fly out, F9 (Flyball, 89M, EV 85.6 MPH)
Bottom of the 6th over - 1 run, 2 hits, 0 errors, 1 left on base; Detroit 6 - Kansas City 2
TOP OF THE 7TH
Detroit Tigers batting - Pitching for Kansas City Royals : RHP Luis Mejia
Batting: RHB Ryan Neal 0-0: Called Strike
0-1: Ball
1-1: Foul Ball, location: 2F
1-2: Ball
2-2: Ball
3-2: SINGLE (Flyball, 8LS, EV 84.4 MPH)
Batting: LHB Tyler Davis 0-0: Ball
Ryan Neal steals 2nd base
1-0: Ball
2-0: Foul Ball, location: 2F
2-1: Ball
3-1: Swinging Strike
3-2: Foul Ball, location: 2F
3-2: Fly out, F9 (Flyball, 9LM, EV 87.5 MPH)
Runner from 2nd tags up, SAFE at 3rd, no throw by RF
Batting: RHB Randy Shrewsbury 0-0: Foul Ball, location: 2F
0-1: Swinging Strike
0-2: Foul Ball, location: 2F
0-2: Ground out 5-3 (Groundball, 56, EV 81.9 MPH)
Ryan Neal scores
Batting: LHB Brad Turner 0-0: Called Strike
0-1: Swinging Strike
0-2: Strikes out looking
Top of the 7th over - 1 run, 1 hit, 0 errors, 0 left on base; Detroit 7 - Kansas City 2
BOTTOM OF THE 7TH
Kansas City Royals batting - Pitching for Detroit Tigers : RHP Chris Haselhorst
Batting: LHB Manny Estrada 0-0: Called Strike
0-1: Foul Ball, location: 2F
0-2: Ball
1-2: Foul Ball, location: 2F
1-2: Ball
2-2: Foul Ball, location: 2F
2-2: Ball
3-2: Foul Ball, location: 2F
3-2: Strikes out swinging
Batting: LHB Zion Davidson 0-0: Ball
1-0: Foul Ball, location: 2F
1-1: Called Strike
1-2: Ball
2-2: Ground out 6-3 (Groundball, 6, EV 85.6 MPH)
Batting: RHB Mike Jaquez 0-0: Fly out, F8 (Flyball, 89M, EV 80.0 MPH)
Bottom of the 7th over - 0 runs, 0 hits, 0 errors, 0 left on base; Detroit 7 - Kansas City 2
TOP OF THE 8TH
Detroit Tigers batting - Pitching for Kansas City Royals : RHP Luis Mejia
Batting: RHB Victor Quinones 0-0: Called Strike
0-1: Ball
1-1: Foul Ball, location: 2F
1-2: Fly out, F7 (Flyball, 78S, EV 85.0 MPH)
Batting: RHB Adrian Novakovic 0-0: Ball
1-0: Ball
2-0: Ground out 4-3 (Groundball, 4, EV 83.1 MPH)
Batting: RHB Danny Eberhart 0-0: Ball
1-0: Foul Ball, location: 2F
1-1: Called Strike
1-2: Ball
2-2: Ball
3-2: Base on Balls
Pitching: RHP Tade Balder
Batting: LHB Morgan Black 0-0: Swinging Strike
0-1: Ball
1-1: Ball
2-1: Foul Ball, location: 2F
2-2: Ball
Pickoff Throw to First - Out! 1-3
Top of the 8th over - 0 runs, 0 hits, 0 errors, 0 left on base; Detroit 7 - Kansas City 2
BOTTOM OF THE 8TH
Kansas City Royals batting - Pitching for Detroit Tigers : RHP Chris Haselhorst
Batting: RHB Imbart Faber 0-0: Called Strike
0-1: Ball
1-1: Ball
2-1: Foul Ball, location: 2F
2-2: Foul Ball, location: 2F
2-2: Fly out, F9 (Flyball, 89D, EV 95.6 MPH)
Batting: LHB Mike Meyerhoff 0-0: DOUBLE (Flyball, 78D, EV 95.6 MPH)
Pitching: RHP Riso Profanter
Batting: SHB Tony Prado 0-0: Ball
1-0: Swinging Strike
1-1: Ball
2-1: Foul Ball, location: 2F
2-2: Strikes out swinging
Batting: RHB Adriaan Pieters 0-0: Called Strike
0-1: Ball
1-1: Ground out 4-3 (Groundball, 4MD, EV 89.4 MPH)
Bottom of the 8th over - 0 runs, 1 hit, 0 errors, 1 left on base; Detroit 7 - Kansas City 2
TOP OF THE 9TH
Detroit Tigers batting - Pitching for Kansas City Royals : RHP Tade Balder
Batting: LHB Morgan Black 0-0: Ball
1-0: Ball
2-0: Ball
3-0: Base on Balls
Batting: LHB Jordan Villa 0-0: Called Strike
Morgan Black steals 2nd base
0-1: Fly out, F7 (Flyball, 7LM, EV 81.9 MPH)
Batting: RHB Ryan Neal 0-0: Ball
Morgan Black steals 3rd base
1-0: Swinging Strike
1-1: Foul Ball, location: 2F
1-2: Ground out 6-3 (Groundball, 6, EV 86.9 MPH)
Morgan Black scores
Batting: LHB Tyler Davis 0-0: Ball
1-0: Foul Ball, location: 2F
1-1: Ball
2-1: Ball
3-1: Base on Balls
Batting: RHB Randy Shrewsbury 0-0: Ball
1-0: Swinging Strike
1-1: Called Strike
1-2: Strikes out swinging
Top of the 9th over - 1 run, 0 hits, 0 errors, 1 left on base; Detroit 8 - Kansas City 2
BOTTOM OF THE 9TH
Kansas City Royals batting - Pitching for Detroit Tigers : RHP Riso Profanter
Batting: SHB Gareth Busby 0-0: Single, Error in OF, E7, batter to second base (Line Drive, 7S, EV 92.5 MPH)
Batting: RHB Aaron Matthews 0-0: Foul Ball, location: 2F
0-1: Ball
1-1: Called Strike
1-2: Fly out, F8 (Line Drive, 8LD, EV 91.9 MPH)
Batting: LHB Manny Estrada 0-0: Ball
1-0: Ball
2-0: Ball
3-0: Base on Balls
Batting: LHB Zion Davidson 0-0: SINGLE (Groundball, 15S, EV 65.0 MPH) (infield hit)
Gareth Busby to third
Manny Estrada to second
Batting: LHB Sam Britt 0-0: Ball
1-0: Ball
2-0: Ball
3-0: Called Strike
3-1: Called Strike
3-2: Foul Ball, location: 2F
3-2: Fly out, F8 (Flyball, 8RD, EV 106.9 MPH)
Runner from 3rd tags up, SCORES, no throw by CF
Batting: RHB Imbart Faber 0-0: Ball
1-0: Ball
2-0: Ball
3-0: Base on Balls
Manny Estrada to third
Zion Davidson to second
Batting: LHB Mike Meyerhoff 0-0: Called Strike
0-1: Foul Ball, location: 2F
0-2: Foul Ball, location: 2F
0-2: Ball
1-2: Ball
2-2: Ball
3-2: Foul Ball, location: 2F
3-2: Foul Ball, location: 2F
3-2: Ground out U3 (Groundball, 34, EV 85.6 MPH)
Bottom of the 9th over - 1 run, 2 hits, 1 error, 3 left on base; Detroit 8 - Kansas City 3
Thursday, March 31st , 2022 - OOTP Baseball 22.12 Build 89